 Dungeon Crawl Stone Soup version 0.31-a0-538-gbc85326fa9 (webtiles) character file.

Game seed: 9996894258203762476

18389 Zonian the Grappler (level 12, 0/110 HPs)
             Began as a Black Draconian Shapeshifter on Aug 13, 2023.
             Was an Elder of Dithmenos.
             Slain by a wyvern (4 damage)
             ... while petrified by a basilisk
             ... on level 3 of the Lair of Beasts on Aug 14, 2023.
             The game lasted 00:38:49 (19301 turns).

Zonian the Grappler (Black Draconian Shapeshifter) Turns: 19301, Time: 00:38:50

Health: 0/110      AC:  8    Str: 22    XL:     12   Next: 27%
Magic:  15/15      EV:  2    Int:  8    God:    Dithmenos [****..]
Gold:   1062       SH:  0    Dex: 19    Spells: 11/11 levels left

rFire   . .          .
                       - Unarmed
rCold   . . .        (no shield)
rNeg    + + +        (body armour unavailable)
rPois   ∞            (helmet currently unavailable)
rElec   +            (cloak currently unavailable)
rCorr   .            (gloves currently unavailable)
SInv    .            (boots currently unavailable)
Will    .....        d - amulet of reflection
Stlth   ++++         w - +6 ring of dexterity
HPRegen 0.38/turn    y - ring of poison resistance
MPRegen 0.14/turn

%: reflection
@: short of breath, beast-form, petrified, wreathed by umbra, studying Unarmed
Combat
A: beast (slay +4), breathe lightning, AC +8, unfitting armour, electricity
resistance, cold-blooded, camouflage 1, sense surroundings 1, wild magic 1,
inability to drink after injury 1
a: Breathe Lightning, Begin Untransformation, Renounce Religion, Shadow Step


You were on level 3 of the Lair of Beasts.
You worshipped Dithmenos.
Dithmenos was greatly pleased with you.
You were a hulking beast.
You visited 3 branches of the dungeon, and saw 14 of its levels.

You collected 1062 gold pieces.

Inventory:

Hand Weapons
 f - a +0 dagger of flaming
 l - a +1 heavy dagger
Armour
 o - a +1 cloak
 D - a +0 kite shield
Jewellery
 b - an amulet of regeneration
 d - an amulet of reflection (around neck)
 k - an amulet of magic regeneration
 p - an amulet of the acrobat
 w - a +6 ring of dexterity (left hand)
 y - a ring of poison resistance (right hand)
Talismans
 c - a flux talisman
 v - a beast talisman (active)
Wands
 a - a wand of polymorph (5)
 u - a wand of iceblast (6)
 B - a wand of flame (22)
Scrolls
 e - 4 scrolls of enchant armour
 g - 3 scrolls of teleportation
 h - a scroll of revelation
 m - a scroll of brand weapon
 n - 4 scrolls of vulnerability
 r - 4 scrolls of fog
 t - 2 scrolls of enchant weapon
 A - a scroll of poison
 C - a scroll of fear
Potions
 i - 2 potions of brilliance
 j - 2 potions of degeneration
 q - 3 potions of enlightenment
 s - a potion of heal wounds
 x - a potion of cancellation {unknown}
 z - a potion of haste


   Skills:
 + Level 11.3 Fighting
 - Level 8.9 Dodging
 + Level 11.4 Unarmed Combat
 - Level 4.0 Invocations
 + Level 9.3 Shapeshifting


You had 11 spell levels left.
You didn't know any spells.
Your spell library contained the following spells:

 Spells                   Type           Power      Damage    Failure   Level
 Ensorcelled Hibernation  Hex/Ice        0%         N/A       63%         2
 Sublimation of Blood     Necr           0%         N/A       63%         2
 Wereblood                Tmut           0%         N/A       63%         2
 Vhi's Electric Charge    Tloc/Air       0%         N/A       85%         3
 Anguish                  Hex/Necr       0%         N/A       99%         4
 Arcjolt                  Conj/Air       0%         1d10      100%        5
 Plasma Beam              Fire/Air       0%         2x1d10    100%        6
 Simulacrum               Ice/Necr       0%         N/A       100%        6
 Ozocubu's Refrigeration  Ice            0%         4d7       100%        7
 Summon Hydra             Summ           0%         N/A       100%        7
 Polar Vortex             Ice            0%         N/A       100%        9


Dungeon Overview and Level Annotations

Branches:
Dungeon (10/15)            Temple (1/1) D:5            Lair (3/5) D:10
 Shoals (0/4) Lair:2        Snake (0/4) Lair:2          Orc (0/2) D:9

Altars:
Ashenzari
Cheibriados
Dithmenos
Elyvilon
Fedhas
Gozag
Hepliaklqana
Kikubaaqudgha
Makhleb
Nemelex Xobeh
Okawaru
Qazlal
Ru
Sif Muna
Trog
Uskayaw
Vehumet
Wu Jian
Xom
Yredelemnul
Zin
The Shining One

Shops:
D:5 :

Annotations:
D:2 1 runed translucent door, Crazy Yiuf
D:9 2 transporters, jejorda2's ghost, journeyman GnBe
D:10 3 runed translucent doors, amoryguerra's ghost, journeyman MiBe; lunkers's ghost, journeyman MeSh


Innate Abilities, Weirdness & Mutations

You are a hulking beast.
Your limbs bulge with bestial killing power. (Slay +4)
You are immune to poison.
You can breathe wild blasts of lightning.
Your glossy black scales are hard. (AC +8)
You cannot fit into any form of body armour.
You are resistant to electric shocks. (rElec)
You are cold-blooded and may be slowed by cold attacks.
Your skin changes colour to match your surroundings (Stealth+).
You passively map a small area around you.
Your spells are a little harder to cast, but a little more powerful.
You occasionally lose the ability to drink potions when taking damage.


Message History

You barely miss the basilisk. The wyvern closely misses you.
The basilisk gazes at you.
You are slowing down.
You punch the basilisk! You tail-slap the basilisk!
The basilisk is severely wounded.
Your shadow hits the basilisk but does no damage.
The wyvern bites you!
* * * LOW HITPOINT WARNING * * *
The wyvern closely misses you. You block the basilisk's attack.
Your limbs are stiffening.
You completely miss the basilisk.
The basilisk is severely wounded.
The wyvern barely misses you. The basilisk bites you.
You block the wyvern's attack.
You have turned to stone.
The wyvern bites you!
* * * LOW HITPOINT WARNING * * *
The basilisk gazes at you. The wyvern bites you.
* * * LOW HITPOINT WARNING * * *
The basilisk bites you but does no damage.
The wyvern bites you.
* * * LOW HITPOINT WARNING * * *
The wyvern bites you but does no damage.
The basilisk gazes at you. The wyvern bites you!
* * * LOW HITPOINT WARNING * * *
The basilisk gazes at you.
The wyvern bites you but does no damage.
The wyvern bites you but does no damage.
The basilisk gazes at you. The wyvern bites you!
* * * LOW HITPOINT WARNING * * *
The basilisk bites you!
* * * LOW HITPOINT WARNING * * *
The wyvern bites you but does no damage.
The wyvern bites you but does no damage.
The basilisk bites you!
* * * LOW HITPOINT WARNING * * *
The wyvern bites you!
You die...

............#.#..##
..............<..#
............†....##
#..........#.#....#
###.........###..##
#......†.###...#
#.........##...#
##.........#...l#
...............lh#
.................#
##.##P#P####..##.#
## ##### ###.###
###


You could see a basilisk and a wyvern.

Vanquished Creatures
  Fannar (Lair:2)
  2 two-headed ogres
  Lodul (D:10)
  A cyclops (D:8)
  A merfolk siren (Lair:2)
  Maurice (D:10)
  2 black mambas
  3 cane toads
  2 rime drakes (Lair:3)
  2 komodo dragons (Lair:2)
  3 trolls
  A polar bear (Lair:2)
  3 blink frogs (Lair:2)
  A shadow (D:9)
  9 wyverns
  18 yaks
  8 basilisks
  A wraith (D:6)
  2 steam dragons (D:8)
  A naga (Lair:2)
  4 water moccasins
  8 orc warriors
  An ice beast (D:6)
  A sky beast (D:7)
  5 wolves (Lair:1)
  3 centaurs
  11 ogres
  A phantom (Temple)
  10 bullfrogs
  2 gnoll sergeants (D:8)
  3 scorpions
  7 wights
  A howler monkey (D:10)
  4 hounds
  6 jellies
  7 orc priests
  A sleepcap (D:7)
  5 iguanas
  5 hell rats (Lair:3)
  4 orc wizards
  Terence (D:2)
  15 gnolls
  2 adders
  A shadow imp (D:5)
  A white imp (D:5)
  2 worms
  45 orcs
  5 ball pythons
  6 endoplasms
  A giant cockroach (D:1)
  2 hobgoblins
  13 jackals
  6 kobolds
  7 quokkas
  4 bats
  2 frilled lizards
  6 goblins
  3 rats
274 creatures vanquished.

Notes
Turn   | Place    | Note
-------+----------+-------------------------------------------
     0 | D:1      | Zonian the Draconian Shapeshifter began the quest for the
                  | Orb.
     0 | D:1      | Reached XP level 1. HP: 16/16 MP: 1/1
   210 | D:1      | Reached XP level 2. HP: 17/23 MP: 2/2
  1196 | D:2      | Reached XP level 3. HP: 28/29 MP: 3/3
  1232 | D:2      | Noticed Terence
  1284 | D:2      | Killed Terence
  1605 | D:2      | Identified the +0 pair of boots "Joreng" {Str+5 Int-4}
  1661 | D:2      | Found a faded altar of an unknown god.
  1945 | D:2      | Found a runed translucent door.
  1946 | D:2      | Noticed Crazy Yiuf
  2167 | D:3      | Reached XP level 4. HP: 33/36 MP: 4/4
  2208 | D:3      | Gained mutation: You occasionally lose the ability to read
                  | scrolls when taking damage. [potion of mutation]
  2208 | D:3      | Gained mutation: You are agile. (Dex +4, Str/Int -1)
                  | [potion of mutation]
  2208 | D:3      | Gained mutation: Potions are less effective at restoring
                  | your health. [potion of mutation]
  2629 | D:3      | Reached XP level 5. HP: 42/42 MP: 5/5
  2867 | D:3      | Lost mutation: You are agile. (Dex +4, Str/Int -1) [potion
                  | of mutation]
  2867 | D:3      | Lost mutation: Potions are less effective at restoring your
                  | health. [potion of mutation]
  2867 | D:3      | Gained mutation: Your flesh is cold resistant. (rC+)
                  | [potion of mutation]
  3694 | D:4      | Lost mutation: You occasionally lose the ability to read
                  | scrolls when taking damage. [potion of mutation]
  3694 | D:4      | Lost mutation: Your flesh is cold resistant. (rC+) [potion
                  | of mutation]
  3694 | D:4      | Gained mutation: Your body sometimes deteriorates upon
                  | taking damage. [potion of mutation]
  3694 | D:4      | Gained mutation: You occasionally lose the ability to drink
                  | potions when taking damage. [potion of mutation]
  3694 | D:4      | Gained mutation: Your spells are a little harder to cast,
                  | but a little more powerful. [potion of mutation]
  3795 | D:4      | Found a glowing golden altar of the Shining One.
  3824 | D:4      | Found an ancient bone altar of Kikubaaqudgha.
  3824 | D:4      | Noticed a human
  4192 | D:5      | Entered Level 5 of the Dungeon
  4211 | D:5      | Reached XP level 6. HP: 29/51 MP: 6/6
  4595 | D:5      | Found Cuvvorchyl's Book Emporium.
  4742 | D:5      | Found a staircase to the Ecumenical Temple.
  4753 | Temple   | Entered the Ecumenical Temple
  4989 | Temple   | Became a worshipper of Dithmenos the Shadowed
  5467 | D:6      | Your scales start taking on a glossy black colour.
  5467 | D:6      | Reached XP level 7. HP: 50/59 MP: 7/7
  5467 | D:6      | Gained mutation: You are resistant to electric shocks.
                  | (rElec) [Black Draconian growth]
  5801 | D:6      | Found a bloodstained altar of Trog.
  5875 | D:6      | Noticed a wraith
  5891 | D:6      | Killed a wraith
  5892 | D:6      | Reached skill level 5 in Unarmed Combat
  5901 | D:6      | HP: 3/60 [poisoned by a scorpion]
  6149 | D:6      | Reached skill level 5 in Fighting
  6149 | D:6      | Reached XP level 8. HP: 41/68 MP: 8/8
  6205 | D:6      | Reached skill level 5 in Shapeshifting
  6612 | D:6      | Found a hide-covered altar of Uskayaw.
  7315 | D:7      | Reached * piety under Dithmenos
  7442 | D:7      | Reached skill level 5 in Dodging
  7476 | D:7      | Found a glowing silver altar of Zin.
  7476 | D:7      | Noticed an angel
  8932 | D:8      | Reached XP level 9. HP: 33/78 MP: 9/9
  9853 | D:8      | Noticed a troll
 10393 | D:8      | Killed a troll
 10694 | D:8      | Noticed a cyclops
 10961 | D:8      | Killed a cyclops
 11092 | D:9      | Noticed a two-headed ogre
 11381 | D:9      | Found a sparkling altar of Nemelex Xobeh.
 11424 | D:9      | Reached ** piety under Dithmenos
 11425 | D:9      | Reached XP level 10. HP: 80/88 MP: 10/10
 11555 | D:9      | Killed a two-headed ogre
 12525 | D:9      | Found a transporter.
 12526 | D:9      | Identified the +3 dire flail of Anoph {freeze, rC++ rCorr}
 12526 | D:9      | Noticed a two-headed ogre
 12544 | D:9      | Found a transporter.
 12544 | D:9      | Noticed a two-headed ogre
 12544 | D:9      | Noticed jejorda2's ghost (journeyman GnBe)
 12546 | D:9      | Noticed a two-headed ogre
 12553 | D:9      | Noticed a two-headed ogre
 13178 | D:9      | Found a staircase to the Orcish Mines.
 13410 | D:10     | Entered Level 10 of the Dungeon
 13418 | D:10     | Noticed a two-headed ogre
 13696 | D:10     | Found a broken altar of Ashenzari.
 13697 | D:10     | Noticed Maurice
 13734 | D:10     | Killed Maurice
 13735 | D:10     | Reached XP level 11. HP: 77/97 MP: 11/11
 13930 | D:10     | Killed a two-headed ogre
 14180 | D:10     | Reached *** piety under Dithmenos
 14233 | D:10     | Found a runed translucent gate.
 14233 | D:10     | Found a runed translucent gate.
 14235 | D:10     | Found a runed translucent gate.
 14239 | D:10     | Noticed amoryguerra's ghost (journeyman MiBe)
 14239 | D:10     | Noticed lunkers's ghost (journeyman MeSh)
 14460 | D:10     | Found a staircase to the Lair.
 14476 | D:10     | Lost mutation: Your body sometimes deteriorates upon taking
                  | damage. [potion of mutation]
 14476 | D:10     | Lost mutation: You occasionally lose the ability to drink
                  | potions when taking damage. [potion of mutation]
 14476 | D:10     | Gained mutation: You passively map a small area around you.
                  | [potion of mutation]
 14476 | D:10     | Gained mutation: You occasionally lose the ability to drink
                  | potions when taking damage. [potion of mutation]
 14476 | D:10     | Gained mutation: Your skin changes colour to match your
                  | surroundings (Stealth+). [potion of mutation]
 14491 | D:10     | Noticed Lodul
 15078 | D:10     | Killed Lodul
 15089 | D:10     | Reached skill level 10 in Fighting
 15225 | D:10     | Found an ornate altar of the Wu Jian Council.
 15328 | Lair:1   | Entered Level 1 of the Lair of Beasts
 15800 | Lair:1   | Noticed a fire dragon
 16567 | Lair:2   | Noticed Fannar
 16708 | Lair:2   | Reached skill level 10 in Unarmed Combat
 16708 | Lair:2   | Reached skill level 1 in Invocations
 17227 | Lair:2   | Identified a scroll of acquirement
 17228 | Lair:2   | Acquired a manual of Unarmed Combat
 17711 | Lair:2   | Found a staircase to the Snake Pit.
 17989 | Lair:2   | Reached **** piety under Dithmenos
 18065 | Lair:2   | Reached XP level 12. HP: 95/108 MP: 14/14
 18187 | Lair:2   | Found a staircase to the Shoals.
 18227 | Lair:2   | Killed Fannar
 19117 | Lair:3   | Noticed a six-headed hydra
 19300 | Lair:3   | HP: 4/110 [basilisk (4)]
 19301 | Lair:3   | Slain by a wyvern

Illustrated notes

Levels and vault maps discovered:
D:1:      scummos_arrival_simple_fountains, layout_basic
D:2:      layout_rooms, shapermc_ecumenical_altar_hornbeckon,
          minmay_misc_feat_alley, uniq_crazy_yiuf_cottage, uniq_terence
D:3:      layout_basic
D:4:      layout_loops_corners, old_standard_altar, tgw_kikubaaqudgha
D:5:      layout_rooms, minmay_temple_entry_gardened_gates,
          kennysheep_windowed_goal
D:6:      layout_basic, mainiacjoe_overflow_alcove_4,
          mainiacjoe_overflow_small_starburst
D:7:      layout_loops_cross, zin_angel, lightli_orcish_oven
D:8:      layout_loops_ring
D:9:      lemuel_ice_spiral_2, layout_basic, nemelex_xobeh_ov_fountains_minmay,
          david_orc_4, gammafunk_ghost_smash
D:10:     layout_roguey, nicolae_wu_jian_immortal_techniques,
          evilmike_ruin_ashenzari, lair_entry_dummy, gammafunk_ghost_cemetery,
          uniq_lodul, uniq_maurice
Temple:   eino_temple_lava
Lair:1:   dragon1_lemuel, layout_small_grid
Lair:2:   layout_regular_city, minmay_shoals_entry_lonely_mermaid,
          guppyfry_snake_entry_island, uniq_fannar
Lair:3:   layout_small_grid, special_room [special_room_mythical_zoo]

Skill      XL: |  1  2  3  4  5  6  7  8  9 10 11 12 |
---------------+-------------------------------------+-----
Dodging        | 2 3 4 5 6 8 |  8.9
Fighting       | 2 3 4 5 6 7 9 10 11 | 11.3
Unarmed Combat | 4 5 6 7 9 10 11 | 11.4
Shapeshifting  | 4 5 6 7 8 9 |  9.3
Invocations    | 3 4 |  4.0

Action                     |  1- 3 |  4- 6 |  7- 9 | 10-12 || total
---------------------------+-------+-------+-------+-------++-------
  Melee: Unarmed           |    54 |   174 |   243 |   463 ||   934
         Dagger            |    57 |       |       |       ||    57
         Tailslap          |    12 |    28 |    48 |   111 ||   199
         Punch             |     2 |     4 |    13 |    36 ||    55
Ability: Breathe Lightning |       |       |    13 |    19 ||    32
  Evoke: Wand              |       |       |       |     2 ||     2
    Use: Potion            |       |     6 |     4 |     4 ||    14
         Scroll            |       |     9 |     7 |     6 ||    22
   Stab: Sleeping          |       |     1 |     1 |     7 ||     9
         Distracted        |       |       |       |     1 ||     1
 Armour: Skin              |    23 |    48 |    38 |    52 ||   161
  Dodge: Dodged            |    55 |    97 |   117 |   266 ||   535
  Block: Other             |       |    48 |    44 |    90 ||   182
         Reflection        |       |       |       |     2 ||     2

Table legend: (Time is in decaauts)
 A = Elapsed time spent in this place.
 B = Non-inter-level travel time spent in this place.
 C = Inter-level travel time spent in this place.
 D = Time resting spent in this place.
 E = Time spent auto-exploring this place.
 F = Levels seen in this place.
 G = Mean time per level.
                   A        B        C        D        E       F      G
               +--------+--------+--------+--------+--------+-----+--------+
         Total |  19194 |  18378 |    816 |   7291 |   7392 |  14 | 1371.0 |
       Dungeon |  15004 |  14273 |    731 |   5614 |   6347 |  10 | 1500.4 |
        Temple |    244 |    244 |      0 |    100 |      0 |   1 |  244.0 |
          Lair |   3945 |   3860 |     85 |   1577 |   1044 |   3 | 1315.0 |
               +--------+--------+--------+--------+--------+-----+--------+

Top non-repeatable levels by time:
     D:8: 2482 daAuts
  Lair:2: 2360 daAuts
     D:6: 2127 daAuts
     D:9: 2117 daAuts
     D:7: 1989 daAuts
    D:10: 1356 daAuts
     D:3: 1235 daAuts
  Lair:1: 1198 daAuts
     D:1: 1048 daAuts
     D:2: 971 daAuts
     D:4: 915 daAuts
     D:5: 761 daAuts
  Lair:3: 387 daAuts
  Temple: 244 daAuts
